 Dungeon Crawl Stone Soup version 0.26.1-11-gd32895ea62 (webtiles) character file.

Game seed: 14215862813735817506

43 nothank2 the Skirmisher (level 3, -1/29 HPs)
             Began as a Demonspawn Abyssal Knight on June 24, 2021.
             Was a Follower of Lugonu.
             Slain by a goblin
             ... wielding a +0 dagger
             ... led by Robin
              (6 damage)
             ... on level 2 of the Dungeon.
             The game lasted 00:02:25 (1516 turns).

nothank2 the Skirmisher (Demonspawn Abyssal Knight) Turns: 1516, Time: 00:02:28

Health: -1/29      AC:  5    Str: 13    XL:     3   Next: 37%
Magic:  4/4        EV: 10    Int: 15    God:    Lugonu [*.....]
Gold:   75         SH:  0    Dex: 12    Spells: 2/2 levels left

rFire    . . .     SeeInvis .   a - +1 mace
rCold    . . .     Faith    .   (no shield)
rNeg     . . .     Spirit   .   f - +0 ring mail
rPois    .         Reflect  .   (no helmet)
rElec    .         Harm     .   (no cloak)
rCorr    .         Rampage  .   (no gloves)
Will     .....                  (no boots)
Stlth    +.........             (no amulet)
HPRegen  0.09/turn              (no ring)
MPRegen  0.09/turn              (no ring)

@: lethally poisoned (-1 -> -6)
A: miasma immunity, big brain 1
a: Renounce Religion, Depart the Abyss


You were on level 2 of the Dungeon.
You worshipped Lugonu.
Lugonu was aware of your devotion.
You visited 1 branch of the dungeon, and saw 2 of its levels.
You visited the Abyss 1 time.

You collected 75 gold pieces.

Inventory:

Hand Weapons
 a - a +1 mace (weapon)
Armour
 b - a +0 leather armour
 f - a +0 ring mail (worn)
Scrolls
 d - 2 scrolls of identify
 e - 2 scrolls of teleportation
Potions
 c - 2 potions of haste


   Skills:
 - Level 3.5 Fighting
 + Level 3.0 Maces & Flails
 - Level 1.7 Armour
 - Level 0.8 Dodging
 - Level 2.5 Invocations


You had 2 spell levels left.
You didn't know any spells.
Your spell library was empty.

Dungeon Overview and Level Annotations

Branches:
Dungeon (2/15)

Altars:

Annotations:
D:2 Robin


Innate Abilities, Weirdness & Mutations

You are immune to miasma.
You have an unusually large brain. (Int +2)


Message History

Robin hits you with a +1 mace of venom.
You are poisoned.
The goblin barely misses you. The goblin hits you with a +0 club.
You hit Robin.
Robin is lightly wounded.
You feel sick. Robin throws the goblin at you! The goblin barely misses you.
The goblin closely misses you. The goblin barely misses you.
Robin barely misses you. The goblin hits you.
You feel sick. The goblin closely misses you. x2
The goblin barely misses you.
You climb upwards.
You feel sick.
There is a stone staircase leading down, spattered with blood here.
* * * LOW HITPOINT WARNING * * *
You feel sick. Robin misses you. The goblin closely misses you.
The goblin hits you with a +0 club.
* * * LOW HITPOINT WARNING * * *
You climb downwards.
* * * LOW HITPOINT WARNING * * *
You feel sick. The goblin hits you with a +0 dagger.
You die...

.## ... ## .. .. #
#.##.## #.#..... ..#.. .#
####.#..#.#####.#.##.###
.#.#.#.#g#g........g...gg
........g@# #.......g
#.#.#.#g## ##.#>#..#
.........#####.g.... #
#.#.#.#.#g...g..#.#..#
.........†...........#
.#.#.#.#.#####...#....#
..........####...#.$..#
.#.#.#.#.###.....###..#
.....................#


You could see Robin and 3 goblins.

Vanquished Creatures
  A worker ant (D:2)
  A dart slug (D:1)
  2 ball pythons (D:1)
  2 bats (D:1)
  6 goblins
  2 hobgoblins
  2 frilled lizards (D:1)
  A kobold (D:1)
17 creatures vanquished.

Notes
Turn   | Place    | Note
-------+----------+-------------------------------------------
     0 | Abyss:1  | nothank2 the Demonspawn Abyssal Knight began the quest for
                  | the Orb.
     0 | Abyss:1  | Reached XP level 1. HP: 18/18 MP: 2/2
    18 | D:1      | Escaped the Abyss
   340 | D:1      | Gained mutation: You are immune to miasma. [demonic
                  | ancestry]
   340 | D:1      | Reached XP level 2. HP: 24/24 MP: 3/3
  1110 | D:2      | Gained mutation: You have an unusually large brain. (Int
                  | +2) [demonic ancestry]
  1110 | D:2      | Reached XP level 3. HP: 15/29 MP: 4/4
  1233 | D:2      | Noticed Robin
  1516 | D:2      | Slain by a goblin

Illustrated notes

Levels and vault maps discovered:
D:1:      psy_arrival_dodecagon, layout_basic
D:2:      layout_basic, lemuel_coloured_pillars_altar, st_stairs_11, uniq_robin

Skill      XL: |  1  2  3 |
---------------+----------+-----
Maces & Flails | 2 3 |  3.0
Fighting       | |  3.5
Armour         | |  1.7
Dodging        | |  0.8
Invocations    | |  2.5

Action                   || total
-------------------------++-------
Melee: Mace              ||    45
  Use: Scroll            ||     5
       Potion            ||     1
Armor: Leather armour    ||     9
       Ring mail         ||    11
Dodge: Dodged            ||    41
